 Dungeon Crawl Stone Soup version 0.26.1-10-gdfb7c7de75 (webtiles) character file.

Game seed: 12950165909601929597

74 H0rd4k the Charlatan (level 4, 0/32 HPs)
             Began as a Human Artificer on Apr 8, 2021.
             Killed from afar by Ijyb (16 damage)
             ... with an iceblast
             ... on level 3 of the Dungeon.
             The game lasted 00:03:11 (2390 turns).

H0rd4k the Charlatan (Human Artificer)              Turns: 2390, Time: 00:03:12

Health: 0/32       AC:  3    Str: 13    XL:     4   Next: 54%
Magic:  4/4        EV: 12    Int: 11    God:
Gold:   44         SH:  0    Dex: 14    Spells: 3/3 levels left

rFire    . . .     SeeInvis .   h - +0 long sword
rCold    . . .     Faith    .   (no shield)
rNeg     . . .     Spirit   .   b - +0 leather armour
rPois    .         Reflect  .   (no helmet)
rElec    .         Harm     .   (no cloak)
rCorr    .         Rampage  .   (no gloves)
Will     .....                  (no boots)
Stlth    +.........             (no amulet)
HPRegen  0.10/turn              (no ring)
MPRegen  0.09/turn              (no ring)

@: no status effects
A: no striking features
a: no special abilities


You were on level 3 of the Dungeon.
You visited 1 branch of the dungeon, and saw 3 of its levels.

You collected 44 gold pieces.

Inventory:

Hand Weapons
 g - a +0 dagger
 h - a +0 long sword (weapon)
Missiles
 m - 4 curare-tipped darts
Armour
 b - a +0 leather armour (worn)
Wands
 c - a wand of flame (14) (quivered)
 d - a wand of enslavement (10)
 e - a wand of random effects (12)
Scrolls
 f - a scroll of teleportation {unknown}
 i - a scroll of enchant weapon {unknown}
 j - a scroll of identify {unknown}
 k - a scroll of fog {unknown}
Potions
 a - a potion of brilliance {unknown}
 l - a potion of curing {unknown}
 n - 2 potions of invisibility {unknown}


   Skills:
 + Level 1.2 Fighting
 + Level 1.7 Long Blades
 + Level 2.4 Armour
 + Level 1.6 Dodging
 + Level 1.0 Stealth
 + Level 3.9 Evocations


You had 3 spell levels left.
You didn't know any spells.
Your spell library was empty.

Dungeon Overview and Level Annotations

Branches:
Dungeon (3/15)

Altars:
Fedhas
Qazlal

Annotations:
D:2 Sigmund
D:3 exclusion: upstairs, Ijyb, Jessica


Message History

Ijyb seems to speed up.
Jessica the Apprentice Sorceress comes into view.
She is wielding a +0 dagger.
Ijyb zaps a wand.
The mass of ice explodes!
The iceblast engulfs you!
Ouch! That really hurt!
Jessica shouts!
You hear an angry hiss.
Unknown command.
Aiming: Random Effects
Press: ? - help, Shift-Dir - straight line, f/p - Ijyb
Aim: Ijyb, wearing a +1 scale mail of fire resistance and carrying a wand of iceblast (5) (fast)
The mass of ice explodes!
The iceblast engulfs Ijyb!
Ijyb is heavily wounded.
The iceblast engulfs Jessica.
Jessica is severely wounded.
Aiming: Random Effects
Press: ? - help, Shift-Dir - straight line, f/p - Ijyb
Aim: Ijyb, wearing a +1 scale mail of fire resistance and carrying a wand of iceblast (5) (heavily wounded, fast) Ijyb twists and deforms.
Ijyb zaps a wand.
The mass of ice explodes!
The iceblast engulfs you!
Ouch! That really hurt!
You die...

... ... ...
#.############ #.#
#......#...... #.#
######.#.##### #.#
#....^........
#.#####.###.#≈§§.≈.##...
..@g.!.@..#.#§§§≈≈.##...
..........#.#§§.≈..##...
..........#.#.≈.#..###..
..........').......# #..
..........#.#...P..# #..
####......#...P.PP.###..
.....).....PP_P....†..
......(......PPP..#.###
######.#.####.....#....


You could see Ijyb (fast, misshapen) and Jessica.

Vanquished Creatures
  Terence (D:1)
  2 adders (D:2)
  An ooze (D:2)
  A leopard gecko (D:1)
  4 bats
  3 giant cockroaches
  2 goblins
  8 hobgoblins
  2 quokkas
  A ball python (D:1)
  2 frilled lizards (D:2)
  4 kobolds (D:1)
  5 rats
36 creatures vanquished.

Vanquished Creatures (collateral kills)
  An adder (D:2)
  A dart slug (D:2)
  A giant cockroach (D:1)
  A hobgoblin (D:1)
4 creatures vanquished.

Vanquished Creatures (others)
  A goblin (D:1)
  A rat (D:1)
2 creatures vanquished.

Grand Total: 42 creatures vanquished

Notes
Turn   | Place    | Note
-------+----------+-------------------------------------------
     0 | D:1      | H0rd4k the Human Artificer began the quest for the Orb.
     0 | D:1      | Reached XP level 1. HP: 15/15 MP: 1/1
   350 | D:2      | Noticed a centaur
   364 | D:2      | Reached XP level 2. HP: 18/21 MP: 2/2
   391 | D:2      | Reached XP level 3. HP: 12/26 MP: 3/3
   651 | D:2      | Noticed Terence
   728 | D:1      | Reached skill level 1 in Long Blades
   773 | D:1      | Killed Terence
  1191 | D:1      | Reached XP level 4. HP: 32/32 MP: 4/4
  2089 | D:2      | Noticed Sigmund
  2135 | D:3      | Found a blossoming altar of Fedhas.
  2350 | D:3      | Found a stormy altar of Qazlal.
  2387 | D:3      | Noticed Ijyb
  2388 | D:3      | Noticed Jessica
  2390 | D:3      | Killed from afar by Ijyb

Illustrated notes

Levels and vault maps discovered:
D:1:      minmay_arrival_doors, layout_basic, minmay_splitting_lines
D:2:      layout_rooms, uniq_sigmund, uniq_terence
D:3:      layout_basic, grunt_temple_overflow_forces_of_nature,
          nicolae_overflow_crystal_walls, uniq_jessica, uniq_ijyb

Skill      XL: |  1  2  3 |
---------------+----------+-----
Long Blades    | 1 |  1.7
Fighting       | |  1.2
Armour         | |  2.4
Dodging        | |  1.6
Stealth        | |  1.0
Evocations     | |  3.9

Action                   |  1- 3 |  4- 6 || total
-------------------------+-------+-------++-------
Melee: Long sword        |    40 |    50 ||    90
       Club              |     9 |       ||     9
Evoke: Wand              |     6 |     3 ||     9
 Stab: Sleeping          |       |     2 ||     2
Armor: Leather armour    |    19 |    13 ||    32
Dodge: Dodged            |    52 |    45 ||    97
       Rpst.: Long sword |    14 |    12 ||    26
